 Dungeon Crawl Stone Soup version 0.27.1-2-g3b301248ec (webtiles) character file.

Game seed: 5535807829255975286

39 Descartes the Sneak (level 3, -1/15 HPs)
             Began as a Felid Transmuter on Oct 5, 2021.
             Slain by a worm (10 damage)
             ... on level 2 of the Dungeon.
             The game lasted 00:02:24 (2554 turns).

Descartes the Sneak (Felid Transmuter)              Turns: 2554, Time: 00:02:25

Health: -1/15      AC:  1    Str:  7    XL:     3   Next: 26%
Magic:  7/7        EV: 17    Int: 14    God:
Gold:   106        SH:  0    Dex: 16    Spells: 3/6 levels left
                                        Lives:  0   Deaths: 0

rFire    . . .     SeeInvis +     - Unarmed
rCold    . . .     Faith    .   (shield unavailable)
rNeg     . . .     Spirit   .   (armour unavailable)
rPois    .         Reflect  .   (helmet unavailable)
rElec    .         Harm     .   (cloak unavailable)
rCorr    .         Rampage  .   (gloves unavailable)
Will     .....                  (boots unavailable)
Stlth    +++.......             (no amulet)
HPRegen  0.05/turn              (no ring)
MPRegen  0.10/turn              (no ring)

@: quick
A: very small, claws 1, fangs 3, see invisible, speed 1, shaggy fur 1, stealthy
paws, no weapons or thrown items, no armour, multi-lived
a: no special abilities


You were on level 2 of the Dungeon.
You visited 1 branch of the dungeon, and saw 2 of its levels.

You collected 106 gold pieces.

Inventory:

Missiles
 d - 57 stones
Scrolls
 a - a scroll of holy word {unknown}
 b - 2 scrolls of identify {unknown}
 e - 2 scrolls of torment {unknown}
 h - a scroll of blinking {unknown}
Potions
 c - a potion of might {unknown}
 f - 3 potions of curing {unknown}
 g - a potion of flight {unknown}
 i - a potion of lignification {unknown}
 j - a potion of invisibility {unknown}


   Skills:
 - Level 1.0 Fighting
 - Level 2.6 Dodging
 + Level 3.7 Stealth
 - Level 3.0 Unarmed Combat
 - Level 2.0 Spellcasting
 + Level 2.8 Transmutations


You had 3 spell levels left.
You knew the following spells:

 Your Spells              Type           Power      Damage    Failure   Level
a - Beastly Appendage     Tmut           18%        N/A       8%          1
b - Wereblood             Tmut           9%         N/A       11%         2

Your spell library contained the following spells:

 Spells                   Type           Power      Damage    Failure   Level
 Spider Form              Tmut/Pois      2%         N/A       36%         3
 Ice Form                 Ice/Tmut       5%         N/A       78%         4


Dungeon Overview and Level Annotations

Branches:
Dungeon (2/15)

Altars:
Xom

Annotations:
D:2 Terence


Innate Abilities, Weirdness & Mutations

You have sharp claws.
You have razor-sharp teeth.
You have supernaturally acute eyesight. (SInv)
You cover ground quickly. (Speed+)
You are covered in fur. (AC +1)
Your paws help you pounce on unaware monsters.
You are incapable of wielding weapons or throwing items.
You cannot wear armour.
You gain extra lives every three experience levels.


Message History

You see here a hobgoblin corpse.
Your transformation is almost over.
j - an inky potion
Found an orange potion.
Your horns disappear.
f - 3 orange potions (gained 1)
Found 12 gold pieces.
Casting: Beastly Appendage (safe; 8% risk of failure)
Confirm with . or Enter, or press ? or * to list all spells.
You miscast Beastly Appendage.
You are very lightly contaminated with residual magic.
Nothing appears to happen.
No target in view!
No target in view!
No target in view!
No target in view!
No target in view!
Your magical contamination has completely faded away.
You now have 106 gold pieces (gained 12).
A worm comes into view.
The worm closely misses you.
You scratch the worm but do no damage. You scratch the worm.
The worm is moderately wounded.
The worm misses you.
You scratch the worm.
The worm is heavily wounded.
You scratch the worm.
The worm is severely wounded.
The worm bites you!
You barely miss the worm.
The worm is severely wounded.
The worm barely misses you.
You barely miss the worm.
The worm is heavily wounded.
You scratch the worm. You bite the worm.
The worm is almost dead.
The worm bites you!
Ouch! That really hurt!
You die...

####.#######.#...###.#####..#
#.# #.....# #.# #..# ##.#
#.#...# #.# #..# #†.# #......
K.# #..# #..#
#.#############..# #..# #.
#.........# ###..##### #
#.######..#
.............######.# #.>#
.##.####.......w@...# #..#
.##.# ############ #..# .##.#
#..# .##.# ###..# .##.#
#.####....# .##.# #
#........# .# .. .#.####.####
.# # ## #.# #.####### .#
#.##.###.# #.......#


You could see a worm.

Vanquished Creatures
  5 ball pythons (D:1)
  3 endoplasms (D:1)
  A giant cockroach (D:1)
  6 goblins
  2 hobgoblins
  A kobold (D:2)
  2 quokkas (D:2)
  8 bats
  A frilled lizard (D:1)
  4 rats
33 creatures vanquished.

Notes
Turn   | Place    | Note
-------+----------+-------------------------------------------
     0 | D:1      | Descartes the Felid Transmuter began the quest for the Orb.
     0 | D:1      | Reached XP level 1. HP: 9/9 MP: 4/4
   117 | D:1      | Reached skill level 1 in Stealth
   174 | D:1      | Reached XP level 2. HP: 10/12 MP: 6/6
   515 | D:1      | Noticed a great orb of eyes
   517 | D:1      | Found a faded altar of an unknown god.
   520 | D:1      | Noticed an eye of devastation
   527 | D:1      | You fall into a shaft and drop 1 floor!
   747 | D:1      | Learned a level 2 spell: Wereblood
   806 | D:1      | Noticed a floating eye
   810 | D:1      | Noticed a floating eye
  1263 | D:2      | Noticed Terence
  1595 | D:2      | Reached XP level 3. HP: 15/15 MP: 5/7
  1633 | D:2      | Found a shimmering altar of Xom.
  2554 | D:2      | Slain by a worm

Illustrated notes

Levels and vault maps discovered:
D:1:      scummos_arrival_simple_crosswalls, layout_basic,
          hellmonk_ecumenical_altar_watching_god
D:2:      layout_loops_ring, basic_altar, kennysheep_generic_room_12,
          uniq_terence

Skill      XL: |  1  2 |
---------------+-------+-----
Stealth        | 2 3 |  3.7
Fighting       | |  1.0
Dodging        | |  2.6
Unarmed Combat | |  3.0
Spellcasting   | |  2.0
Transmutations | |  2.8

Action                   || total
-------------------------++-------
Melee: Unarmed           ||    83
       Bite              ||     7
       Headbutt          ||     4
       Punch             ||     1
 Cast: Beastly Appendage ||    11
       Wereblood         ||     2
 Stab: Sleeping          ||    10
Armor: Skin              ||     2
Dodge: Dodged            ||    55
